 Dungeon Crawl Stone Soup version 0.31-a0-968-g24f9ace8b5 (webtiles) character file.

Game seed: 10024340180532203143

79 Dittersdorf the Trooper (level 4, -1/29 HPs)
             Began as a Gargoyle Fighter on Oct 27, 2023.
             Slain by Natasha (4 damage)
             ... on level 3 of the Dungeon.
             The game lasted 00:02:07 (1646 turns).

Dittersdorf the Trooper (Gargoyle Fighter)          Turns: 1646, Time: 00:02:07

Health: -1/29      AC: 15    Str: 21    XL:     4   Next: 37%
Magic:  4/4        EV:  7    Int:  9    God:
Gold:   203        SH:  4    Dex:  9    Spells: 3/3 levels left

rFire   . . .        a - +0 flail
rCold   . . .        c - +0 buckler
rNeg    + . .        t - +0 chain mail
rPois   ∞            h - +0 helmet
rElec   +            u - +0 cloak
rCorr   .            (no gloves)
SInv    .            (no boots)
Will    .....        (no amulet) Stlth
                     (no ring)
HPRegen 0.24/turn    (no ring)
MPRegen 0.09/turn

%: no passive effects
@: no status effects
A: sickness immunity, AC +3, negative energy resistance 1, electricity
resistance, torment resistance 1, petrification resistance
a: no special abilities


You were on level 3 of the Dungeon.
You visited 1 branch of the dungeon, and saw 3 of its levels.

You collected 203 gold pieces.

Inventory:

Hand Weapons
 a - a +0 flail (weapon)
Missiles
 v - 4 poisoned darts (quivered)
Armour
 c - a +0 buckler (worn)
 h - a +0 helmet (worn)
 t - a +0 chain mail (worn)
 u - a +0 cloak (worn)
Magical Staves
 m - a staff of earth
Scrolls
 e - a scroll of brand weapon {unknown}
 f - 3 scrolls of teleportation {unknown}
 g - a scroll of poison {unknown}
 i - a scroll of torment {unknown}
 j - 2 scrolls of identify {unknown}
 k - 2 scrolls of blinking {unknown}
 n - a scroll of fear {unknown}
 p - a scroll of amnesia {unknown}
 s - a scroll of revelation {unknown}
 w - a scroll of vulnerability {unknown}
Potions
 b - 2 potions of resistance {unknown}
 d - a potion of might
 l - 4 potions of curing {unknown}
 o - a potion of haste {unknown}
 q - 2 potions of attraction {unknown}
 r - a potion of experience {unknown}


   Skills:
 + Level 4.0 Fighting
 + Level 2.8 Maces & Flails
 + Level 3.9 Armour
 + Level 3.9 Shields


You had 3 spell levels left.
You didn't know any spells.
Your spell library was empty.

Dungeon Overview and Level Annotations

Branches:
Dungeon (3/15)

Altars:
Uskayaw

Annotations:
D:3 1 runed translucent door, 1 transporter, Crazy Yiuf, Natasha


Innate Abilities, Weirdness & Mutations

You are immune to sickness and miasma.
Your stone body is resilient. (AC +3)
You are immune to poison.
You resist negative energy. (rN+)
You are resistant to electric shocks. (rElec)
You are resistant to unholy torment.
You are immune to petrification.


Message History

Natasha claws you but does no damage.
The cerulean imp hits you but does no damage.
Your Fighting skill increases to level 4!
Found a glowing long sword.
Found a hide-covered altar of Uskayaw.
Natasha claws you but does no damage. The cerulean imp barely misses you.
You see here a +0 dagger.
You hit Natasha but do no damage.
Natasha is moderately wounded.
Natasha casts a spell.
The cerulean imp hits you from afar with a +2 spear.
You barely miss Natasha.
Natasha is moderately wounded.
The cerulean imp disappears in a puff of smoke!
Natasha wildly gestures.
Natasha's front paws start to glow.
Natasha claws you but does no damage.
The cerulean imp hits you but does no damage.
Natasha mumbles some strange words.
You hit Natasha but do no damage.
Natasha is moderately wounded.
You block the cerulean imp's attack. You block Natasha's attack.
The cerulean imp hits you with a +2 spear.
You closely miss Natasha.
Natasha is moderately wounded.
You block the cerulean imp's attack.
Natasha stares at you and mumbles some strange words.
The magic dart hits you!
* * * LOW HITPOINT WARNING * * *
The cerulean imp hits you but does no damage.
You closely miss Natasha.
Natasha is moderately wounded.
The cerulean imp closely misses you. Natasha claws you but does no damage.
The cerulean imp hits you but does no damage. x2
You sock Natasha!
Natasha is almost dead.
Natasha claws you but does no damage.
The cerulean imp hits you but does no damage. x2
Natasha claws you.
You die...
Natasha begins licking her fur clean.

#..#.##.########
#.........)...#
#.....#.......#
#.....#.......##
##.....###......#
#...............#
##......###......#
##.......# #......#
......h@.# #......#
#....55..# #......#
.......##...........
8.8.8.. .##..######
....... .# ###
....... .# ...!.#.
...)_#.


You could see Natasha and 2 cerulean imps.

Vanquished Creatures
  2 adders (D:2)
  A worm (D:2)
  A dart slug (D:1)
  An orc (D:3)
  4 ball pythons
  3 bats
  8 endoplasms
  A giant cockroach (D:1)
  4 goblins
  10 hobgoblins
  A quokka (D:2)
  3 frilled lizards (D:2)
  3 kobolds
  8 rats
50 creatures vanquished.

Notes
Turn   | Place    | Note
-------+----------+-------------------------------------------
     0 | D:1      | Dittersdorf the Gargoyle Fighter began the quest for the
                  | Orb.
     0 | D:1      | Reached XP level 1. HP: 14/14 MP: 1/1
    62 | D:1      | Reached XP level 2. HP: 19/19 MP: 2/2
   197 | D:1      | Found a faded altar of an unknown god.
   298 | D:1      | Reached XP level 3. HP: 23/23 MP: 3/3
  1037 | D:2      | Reached XP level 4. HP: 27/29 MP: 4/4
  1568 | D:3      | Found a runed translucent door.
  1569 | D:3      | Noticed Crazy Yiuf
  1631 | D:3      | Found a transporter.
  1631 | D:3      | Noticed Natasha
  1640 | D:3      | Reached skill level 4 in Fighting
  1640 | D:3      | Found a hide-covered altar of Uskayaw.
  1646 | D:3      | Slain by Natasha

Illustrated notes

Levels and vault maps discovered:
D:1:      saegor_arrival_simple_a, layout_basic,
          ebering_ecumenical_altar_petrified, minmay_vboxes
D:2:      layout_rooms
D:3:      layout_basic, lemuel_coloured_pillars_altar,
          eat_drink_and_be_merry_uskayaw, gammafunk_ghost_stat_death,
          kennysheep_cluttered_room, uniq_natasha, uniq_crazy_yiuf_cottage

Skill      XL: |  1  2  3  4 |
---------------+-------------+-----
Fighting       | 4 |  4.0
Maces & Flails | |  2.8
Armour         | |  3.9
Shields        | |  3.9

Action                     |  1- 3 |  4- 6 || total
---------------------------+-------+-------++-------
  Melee: Flail             |   106 |    45 ||   151
 Armour: Scale mail        |    80 |     2 ||    82
         Chain mail        |       |    52 ||    52
  Dodge: Dodged            |    53 |    17 ||    70
  Block: Buckler           |    18 |     9 ||    27

Table legend: (Time is in decaauts)
 A = Elapsed time spent in this place.
 B = Non-inter-level travel time spent in this place.
 C = Inter-level travel time spent in this place.
 D = Time resting spent in this place.
 E = Time spent auto-exploring this place.
 F = Levels seen in this place.
 G = Mean time per level.
                   A        B        C        D        E       F      G
               +--------+--------+--------+--------+--------+-----+--------+
         Total |   1693 |   1594 |     99 |     23 |   1090 |   3 |  564.3 |
       Dungeon |   1693 |   1594 |     99 |     23 |   1090 |   3 |  564.3 |
               +--------+--------+--------+--------+--------+-----+--------+

Top non-repeatable levels by time:
     D:1: 910 daAuts
     D:2: 577 daAuts
     D:3: 206 daAuts
